[Event "RUS-chTW Premier 2019"]
[Site "Sochi"]
[Date "2019.05.10"]
[Round "9.15"]
[White "Degtyareva, Kristina"]
[Black "Maltsevskaya, Aleksandra"]
[Result "0-1"]
[ECO "B34"]
[WhiteElo "1812"]
[BlackElo "2299"]
[Annotator "NA"]
[PlyCount "62"]
[EventDate "2019.05.01"]
[EventType "team-tourn"]
[EventCountry "RUS"]
[SourceTitle "playchess.com"]
[Source "ChessBase"]
[SourceQuality "1"]
[TimeControl "40/5400+30:1800+30"]

1. e4 c5 2. Nf3 Nc6 3. d4 cxd4 4. Nxd4 g6 5. Nc3 Bg7 6. Be3 Nf6 7. f3 O-O 8. Qd2 d5 9. Nxc6 bxc6 10. e5 Nd7 11. f4 e6 12. Qf2 {[%emt 0:03:34] B34: Sicilian: Accelerated Dragon with 5 Nc3: sidelines} (12. Be2 c5 13. Bf2 Bb7 14. Bf3 Rb8 15. Ne2 d4 16. Bxb7 Rxb7 17. c3 Nb6 18. cxd4 Nc4 19. Qc3 Nxb2 20. dxc5 {0-1 (40) Gomes,M (2354)-Kosintseva,T (2483) Sochi 2015}) 12... f6 13. exf6 Qxf6 14. Rd1 $146 ({Predecessor:} 14. Bd2 e5 15. Be2 exf4 16. Rf1 d4 17. Ne4 Qe5 18. Bd3 g5 19. O-O-O Nc5 20. Nxc5 Qxc5 {0-1 (33) Norkunas,D (1736)-Juknis,P (2112) Palanga 2011}) 14... e5 15. g3 (15. Be2 {might work better.}) 15... Qe7 16. Bg2 exf4 {[%emt 0:00:44] Pin} 17. gxf4 d4 18. Bxc6 dxe3 19. Qg3 Qc5 20. Bd5+ {[%emt 0:05:12] [#]} Kh8 $1 21. Ne4 Qb4+ 22. c3 Qxb2 23. Qxe3 Nf6 24. Nxf6 Bxf6 25. O-O Rb8 26. Rb1 Qxb1 27. Rxb1 Rxb1+ 28. Kg2 Rb2+ 29. Kg1 $19 Bf5 30. Bb3 Rc8 31. c4 Rd8 0-1

[Event "RUS-chTW Premier 2019"]
[Site "Sochi"]
[Date "2019.05.10"]
[Round "9.16"]
[White "Diakonova, Ekaterina"]
[Black "Makarova, Ekaterina"]
[Result "1-0"]
[ECO "C71"]
[WhiteElo "2211"]
[BlackElo "1630"]
[Annotator "NA"]
[PlyCount "71"]
[EventDate "2019.05.01"]
[EventType "team-tourn"]
[EventCountry "RUS"]
[SourceTitle "playchess.com"]
[Source "ChessBase"]
[SourceQuality "1"]
[TimeControl "40/5400+30:1800+30"]

1. e4 e5 2. Nf3 Nc6 3. Bb5 a6 4. Ba4 d6 5. d4 b5 6. Bb3 Nxd4 7. Nxd4 exd4 8. Bd5 {[%emt 0:03:26] C71: Ruy Lopez: Deferred Steinitz Variation, sidelines} Rb8 9. Bc6+ (9. Qxd4 Nf6 10. Bc6+ Bd7 11. Bxd7+ Qxd7 12. O-O Be7 13. b3 O-O 14. Bb2 Rfe8 15. Nd2 c5 16. Qd3 Rbd8 17. c4 Ng4 18. Rad1 Bf6 19. Bxf6 Nxf6 20. Rfe1 Qc6 {½-½ (59) Vachier Lagrave,M (2789)-Mamedyarov,S (2799) Riadh 2017}) 9... Bd7 10. Bxd7+ Qxd7 11. Qxd4 Qc6 12. Nc3 Be7 $146 ({Predecessor:} 12... Ne7 13. O-O Qb6 14. Qd3 Ng6 15. a4 b4 {0-1 (28) Velema,S (2118)-Vedder,R (2238) Vlissingen 2004}) 13. Qxg7 Bf6 14. Qg3 Bxc3+ 15. Qxc3 Qxe4+ 16. Be3 f6 17. Qxc7 {[%emt 0:01:20] Double Attack} Rb7 18. Qc8+ ({But not} 18. Qxd6 Rd7 $18) 18... Kf7 19. O-O-O Kg7 $2 (19... Ne7 20. Qxh8 Rc7) 20. Rhe1 Rf7 21. Bh6+ Nxh6 {[%emt 0:00:31] [#]} 22. Qxh8+ $1 Kxh8 23. Rxe4 Rd7 24. Re6 Nf7 25. Rxf6 Kg7 26. Rf5 Re7 27. g4 Nh6 28. Rg5+ Kf6 29. h4 Nf7 30. Rf5+ Kg6 31. h5+ Kg7 32. f4 h6 33. g5 hxg5 34. fxg5 $18 Rd7 35. Rf6 Nxg5 36. Rg6+ 1-0